 Dungeon Crawl Stone Soup version 0.30-a0-311-gf115ab0292 (webtiles) character file.

Game seed: 4884167151040434197

3239 blackman the Carver (level 10, -4/70 HPs)
             Began as a Human Delver on Oct 25, 2022.
             Was a Follower of Ashenzari.
             Succumbed to a hornet's poison
             ... on level 8 of the Dungeon.
             The game lasted 00:20:08 (7635 turns).

blackman the Carver (Human Delver)                  Turns: 7635, Time: 00:20:09

Health: -4/70      AC:  8    Str: 14    XL:     10   Next: 18%
Magic:  17/17      EV: 12    Int: 14    God:    Ashenzari [*.....]
Gold:   1464       SH:  0    Dex: 14    Spells: 19/19 levels left

rFire   . . .      SeeInvis .    s - +7 Throatcutter {drain, coup de grace}
rCold   . . .      Faith    .    (no shield)
rNeg    . . .      Spirit   .    I - +0 steam dragon scales
rPois   .          Reflect  .    v - +1 helmet
rElec   .          Harm     .    (no cloak)
rCorr   .          Rampage  .    (no gloves)
Will    .....                    A - +0 pair of boots "Shattered With Me" {Evo, Melee} (curse)
Stlth   +++.......               t - amulet "Boredom of Ashenzari" {Acrobat, Alch, Bglg} (curse)
HPRegen 0.31/turn                (no ring)
MPRegen 0.15/turn                (no ring)

@: lethally poisoned (-4 -> -27), slowed, very slow
A: no striking features
a: Renounce Religion, Shatter the Chains


You were on level 8 of the Dungeon.
You worshipped Ashenzari.
Ashenzari was aware of your devotion.
You visited 2 branches of the dungeon, and saw 9 of its levels.

You collected 1464 gold pieces.

Inventory:

Hand Weapons
 g - a +0 short sword
 k - a +4 quarterstaff
 l - a +3 mace of protection
 r - a +1 dagger of venom
 s - the +7 Throatcutter (weapon) {drain, coup de grace}
   (You found it on level 2 of the Dungeon)

   A truly terrible weapon, it drains the life of any living foe it strikes.
   It may instantly kill foes which have little health.
Missiles
 i - 3 curare-tipped darts (quivered)
 n - 14 poisoned darts
 u - 2 javelins
Armour
 v - a +1 helmet (worn)
 A - the cursed +0 pair of boots "Shattered With Me" (worn) {Evo, Melee}
   (You found it on level 4 of the Dungeon)

   It has a curse which improves the following skills: Evocations: Evocations.
   Melee Combat: Short Blades, Long Blades, Axes, Maces & Flails, Polearms,
   Staves and Unarmed Combat.
 I - +0 steam dragon scales (worn)
 K - a +0 cloak
Jewellery
 t - the cursed amulet "Boredom of Ashenzari" (around neck) {Acrobat, Alch, Bglg}
   (You found it on level 2 of the Dungeon)

   [amulet of the acrobat]

   It increases your evasion while moving and waiting.
   It has a curse which improves the following skills: Alchemy: Poison Magic and
   Transmutations.
   Beguiling: Conjurations, Hexes and Translocations.
 x - an amulet of faith
 z - a ring of magical power
 C - a ring of resist corrosion
Wands
 d - a wand of polymorph (5)
 f - a wand of digging (16)
 F - a wand of flame (15)
 L - a wand of roots (9)
Scrolls
 b - a scroll of fog
 c - 2 scrolls of vulnerability
 j - a scroll of enchant weapon
 m - 3 scrolls of teleportation
 o - 2 scrolls of poison
 p - a scroll of amnesia
 w - 2 scrolls of torment
 y - a scroll of summoning
 H - 2 scrolls of noise
 J - 2 scrolls of blinking
Potions
 a - 2 potions of magic
 e - 2 potions of haste
 h - 2 potions of curing
 q - a potion of mutation
 B - a potion of heal wounds
 D - a potion of cancellation
 E - a potion of degeneration
 G - a potion of attraction


   Skills:
 - Level 3.0 Fighting
 - Level 8.4(9.2) Long Blades
 - Level 2.0 Dodging
 - Level 5.0 Stealth
 - Level 2.0(2.6) Unarmed Combat
 - Level 5.3 Spellcasting
 - Level 7.4(8.3) Conjurations
 * Level 4.6 Fire Magic


You had 19 spell levels left.
You didn't know any spells.
Your spell library contained the following spells:

 Spells                   Type           Power      Damage    Failure   Level
 Foxfire                  Conj/Fire      84%        2x1d8     1%          1
 Apportation              Tloc           8%         N/A       16%         1
 Necrotise                Necr           12%        1d4       17%         1
 Summon Small Mammal      Summ           12%        N/A       17%         1
 Fireball                 Conj/Fire      10%        3d6       32%         5
 Call Canine Familiar     Summ           3%         N/A       45%         3
 Ozocubu's Armour         Ice            3%         N/A       45%         3
 Summon Guardian Golem    Hex/Summ       3%         N/A       45%         3
 Vhi's Electric Charge    Tloc/Air       6%         N/A       45%         3
 Arcjolt                  Conj/Air       7%         1d17      63%         5
 Animate Armour           Summ/Erth      6%         N/A       86%         4
 Starburst                Conj/Fire      10%        6d5       88%         6
 Alistair's Intoxication  Tmut/Pois      2%         N/A       99%         5
 Blade Hands              Tmut           2%         N/A       99%         5
 Metabolic Englaciation   Hex/Ice        1%         N/A       99%         5
 Iron Shot                Conj/Erth      7%         9d2       99%         6
 Simulacrum               Ice/Necr       1%         N/A       100%        6
 Maxwell's Capacitive Co  Air            1%         ∞         100%        8


Dungeon Overview and Level Annotations

Branches:
Dungeon (8/15)             Temple (1/1) D:4
   Lair: D:8-11

Altars:
Ashenzari
Cheibriados
Dithmenos
Elyvilon
Gozag
Hepliaklqana
Kikubaaqudgha
Nemelex Xobeh
Okawaru
Qazlal
Ru
Sif Muna
Trog
Uskayaw
Vehumet
Wu Jian
Xom
Yredelemnul
Zin
The Shining One

Annotations:
D:6 exclusion: orc wizard


Message History

Key pressed, stopping explore.
Key pressed, stopping explore.
Key pressed, stopping explore.
Key pressed, stopping explore.
Key pressed, stopping explore.
Found a stone staircase leading down.
A hornet comes into view.
The hornet closely misses you.
You closely miss the hornet. The hornet stings you!
You are poisoned.
You feel yourself slow down. The hornet barely misses you.
You closely miss the hornet.
You feel yourself speed up.
You feel very sick. The hornet barely misses you. The hornet stings you.
You feel yourself slow down.
You miss the hornet.
You feel yourself speed up.
You feel very sick.
The hornet stings you but does no damage.
The hornet barely misses you.
You miss the hornet.
You feel sick. The hornet stings you!
You suddenly lose the ability to move!
You feel sick. The hornet stings you!
You feel yourself slow down. The hornet stings you!
* * * LOW HITPOINT WARNING * * *
You are more poisoned.
You feel as though you will be slow longer.
* * * LOW HITPOINT WARNING * * *
You feel very sick. The hornet stings you!
* * * LOW HITPOINT WARNING * * *
You are more poisoned.
You feel as though you will be slow longer.
You can move again.
You slash the hornet!
The hornet is moderately wounded.
You die...

#### #>.. ####[..
.......####
#.........######
#..............###
#.....y@.........#
#.#
####.!.###.###.#.#
#.# #... #.##....#
####.### #...
#.##....# .......#
...^. #.##....#
..#....# #.....
#.##.##.#
..#....####.....
#.......#
......>.........
####.####
.......## #.###


You could see a hornet.

Vanquished Creatures
  Maggie (D:6)
  Sigmund (D:3)
  4 yaks (D:6)
  A water moccasin (D:7)
  Duvessa (D:4)
  An orc warrior (D:8)
  3 sky beasts
  An ogre (D:5)
  2 centaurs
  3 kobold brigands
  A bullfrog (D:6)
  3 scorpions
  Dowan (D:4)
  3 killer bees (D:8)
  4 howler monkeys (D:7)
  An orc priest (D:5)
  4 hounds
  A gnoll bouda (D:8)
  2 jellies
  2 iguanas
  2 orc wizards
  Natasha (D:3)
  Robin (D:2)
  4 gnolls (D:8)
  8 adders
  An ufetubus (D:3)
  A worm (D:5)
  3 dart slugs
  16 orcs
  4 endoplasms
  5 giant cockroaches
  9 goblins
  12 hobgoblins
  3 jackals (D:1)
  2 quokkas
  6 ball pythons
  11 bats
  3 frilled lizards
  22 kobolds
  8 rats
162 creatures vanquished.

Notes
Turn   | Place    | Note
-------+----------+-------------------------------------------
     0 | D:5      | blackman the Human Delver began the quest for the Orb.
     0 | D:5      | Reached XP level 1. HP: 18/18 MP: 1/1
    48 | D:5      | Noticed an ogre
    92 | D:5      | Noticed a scorpion
   143 | D:4      | Noticed a necrophage
   198 | D:4      | Reached skill level 1 in Conjurations
   314 | D:3      | Reached XP level 2. HP: 24/24 MP: 2/2
   338 | D:3      | Noticed Natasha
   350 | D:3      | Killed Natasha
   351 | D:3      | Reached XP level 3. HP: 7/29 MP: 3/3
   562 | D:1      | Reached XP level 4. HP: 24/35 MP: 4/4
  1576 | D:2      | Noticed Terence
  1577 | D:2      | Terence changed into Terence the gnoll
  1577 | D:2      | Noticed Terence
  1579 | D:2      | Terence the gnoll changed into Terence the hound
  1579 | D:2      | Noticed Terence
  1589 | D:2      | Killed Terence the hound
  1590 | D:2      | Reached XP level 5. HP: 40/41 MP: 5/5
  1836 | D:2      | Reached skill level 1 in Long Blades
  1883 | D:2      | Noticed Robin
  1885 | D:2      | Killed Robin
  2170 | D:3      | Reached skill level 2 in Long Blades
  2232 | D:3      | Noticed Sigmund
  2247 | D:3      | Killed Sigmund
  2248 | D:3      | Reached skill level 4 in Long Blades
  2248 | D:3      | Reached XP level 6. HP: 31/47 MP: 6/6
  2393 | D:3      | Found an opulent altar of Gozag.
  2767 | D:4      | Reached XP level 7. HP: 46/52 MP: 7/7
  2911 | D:4      | Reached skill level 5 in Long Blades
  3058 | D:4      | Found a staircase to the Ecumenical Temple.
  3118 | Temple   | Entered the Ecumenical Temple
  3424 | D:4      | Noticed Duvessa
  3431 | D:4      | Killed Duvessa
  3451 | D:4      | Noticed Dowan
  3460 | D:4      | Killed Dowan
  3461 | D:4      | Reached skill level 6 in Long Blades
  3532 | D:4      | Found a snail-covered altar of Cheibriados.
  4141 | D:5      | Reached skill level 7 in Long Blades
  4141 | D:5      | Reached XP level 8. HP: 40/58 MP: 8/8
  4742 | D:6      | Found an ancient bone altar of Kikubaaqudgha.
  4793 | D:6      | Identified a scroll of acquirement
  4796 | D:6      | Acquired 969 gold pieces
  4819 | D:6      | Found a broken altar of Ashenzari.
  4833 | D:6      | Became a worshipper of Ashenzari the Shackled
  4862 | D:6      | Reached skill level 8 in Long Blades
  4903 | D:6      | Noticed Maggie
  4908 | D:6      | Found a shimmering blue altar of Sif Muna.
  4914 | D:6      | Killed Maggie
  4915 | D:6      | Reached skill level 5 in Conjurations
  4915 | D:6      | Reached XP level 9. HP: 38/63 MP: 8/12
  5850 | D:6      | Reached skill level 5 in Spellcasting
  6106 | D:7      | Found a stormy altar of Qazlal.
  6261 | D:7      | Reached skill level 1 in Fire Magic
  6262 | D:7      | Reached XP level 10. HP: 70/70 MP: 17/17
  6578 | D:7      | Reached * piety under Ashenzari
  7183 | D:8      | Found an ornate altar of the Wu Jian Council.
  7632 | D:8      | Paralysed by a hornet for 2 turns
  7634 | D:8      | HP: 3/70 [hornet (11)]
  7635 | D:8      | Succumbed to a hornet's poison

Illustrated notes

Levels and vault maps discovered:
D:1:      spicycebolla_arrival_ecumenical, layout_basic, st_stairs_10,
          patterned_corridor
D:2:      layout_loops_cross, minmay_misc_feat_room, kennysheep_generic_room_15,
          uniq_robin, uniq_terence
D:3:      layout_basic, grunt_gozag_statues, portal_sewer_entry_a, uniq_natasha,
          uniq_sigmund
D:4:      layout_loops_cross, kennysheep_slug_shrine, minmay_temple_entry_fiery,
          uniq_duvessa
D:5:      layout_basic
D:6:      layout_loops_cross, led_sif_book, mainiacjoe_overflow_large_starburst,
          minivault_24, grunt_decor_resistance, uniq_maggie
D:7:      layout_layer_cave, grunt_qazlal_sundering
D:8:      layout_loops_cross, amcnicky_altar_gilded, minitemple
Temple:   nicolae_temple_bog_church

Skill      XL: |  1  2  3  4  5  6  7  8  9 10 |
---------------+-------------------------------+-----
Conjurations   | 1 3 4 5 7 |  7.4
Long Blades    | 4 7 8 |  8.4
Spellcasting   | 2 5 |  5.3
Fire Magic     | 1 4 |  4.6
Fighting       | |  3.0
Dodging        | |  2.0
Stealth        | |  5.0
Unarmed Combat | |  2.0

Action                   |  1- 3 |  4- 6 |  7- 9 | 10-12 || total
-------------------------+-------+-------+-------+-------++-------
Melee: Short sword       |    11 |       |       |       ||    11
       Quarterstaff      |    14 |       |       |       ||    14
       Mace              |    20 |    45 |       |       ||    65
       Dagger            |       |    11 |       |       ||    11
       Long sword        |       |    63 |   150 |    40 ||   253
Throw: Dart              |       |       |    10 |     2 ||    12
       Javelin           |       |       |       |     2 ||     2
Invok: Curse Item        |       |       |     1 |     1 ||     2
Evoke: Wand              |       |     2 |       |       ||     2
  Use: Scroll            |     2 |     5 |     9 |       ||    16
       Potion            |     1 |     1 |     2 |       ||     4
 Stab: Sleeping          |     3 |     2 |     7 |       ||    12
       Distracted        |       |       |       |     1 ||     1
Armor: Leather armour    |     8 |       |       |       ||     8
       Skin              |     5 |       |       |       ||     5
       Scale mail        |       |    64 |    25 |       ||    89
       Steam dragon scal |       |       |    22 |    12 ||    34
Dodge: Dodged            |    49 |    64 |    81 |    34 ||   228

Table legend: (Time is in decaauts)
 A = Elapsed time spent in this place.
 B = Non-inter-level travel time spent in this place.
 C = Inter-level travel time spent in this place.
 D = Time resting spent in this place.
 E = Time spent auto-exploring this place.
 F = Levels seen in this place.
 G = Mean time per level.
                   A        B        C        D        E       F      G
               +--------+--------+--------+--------+--------+-----+--------+
         Total |   7664 |   7219 |    445 |    261 |   5716 |   9 |  851.6 |
       Dungeon |   7467 |   7041 |    426 |    261 |   5552 |   8 |  933.4 |
        Temple |    197 |    178 |     19 |      0 |    164 |   1 |  197.0 |
               +--------+--------+--------+--------+--------+-----+--------+

Top non-repeatable levels by time:
     D:5: 1247 daAuts
     D:7: 1164 daAuts
     D:6: 1015 daAuts
     D:1: 991 daAuts
     D:4: 956 daAuts
     D:2: 753 daAuts
     D:8: 733 daAuts
     D:3: 604 daAuts
  Temple: 197 daAuts
